WCHLSIM.com - West Coast Hockey League
html PUBLIC "-//W3C//DTD XHTML 1.0 Transitional//EN" "http://www.w3.org/TR/xhtml1/DTD/xhtml1-transitional.dtd"> WCHL - Game 641 - SAN DIEGO THUNDER vs LAS VEGAS LIZARD KINGS

SAN DIEGO THUNDER vs LAS VEGAS LIZARD KINGS

Created - 17 février 2021 at 21:18

Goals
1 2 3 T
SAN DIEGO THUNDER 0 2 1 3
LAS VEGAS LIZARD KINGS 0 0 1 1
Shots
1 2 3 T
SAN DIEGO THUNDER 12 10 20 42
LAS VEGAS LIZARD KINGS 8 4 9 21

1st period

No Goal

Penalties :
Mark Borowiecki (SDG) for Hooking (Minor) at 17:42

2nd period

1. SAN DIEGO THUNDER , Nikita Kucherov 25 (Evander Kane 28, Mark Scheifele 41) at 12:00
2. SAN DIEGO THUNDER , David Perron 13 (Nikita Kucherov 37, Haydn Fleury 4) at 14:30 (PP)

Penalties :
Rasmus Dahlin (SDG) for Hooking (Minor) at 9:30, Brayden McNabb (LVG) for Hooking (Minor) at 13:09, Nino Niederreiter (LVG) for Roughing (Minor) at 17:44

3rd period

3. LAS VEGAS LIZARD KINGS , Johnny Gaudreau 20 (Victor Olofsson 22, Sean Monahan 26) at 7:04 (PP)
4. SAN DIEGO THUNDER , Mark Scheifele 22 (Evander Kane 29, Nikita Kucherov 38) at 13:53

Penalties :
Mark Borowiecki (SDG) for Hooking (Minor) at 5:20, Matt Niskanen (LVG) for Hooking (Minor) at 14:18

Goalie Stats

Connor Hellebuyck (SDG), 20 saves from 21 shots - (0,952), W, 26-7-3, 60:00 minutes
Marc-Andre Fleury (LVG), 39 saves from 42 shots - (0,929), L, 15-14-4, 60:00 minutes

Players Stats for SAN DIEGO THUNDER

Player Name              G  A  P  +/- PIM S  H  SB GA TA FO     MP     PP MP  PK MP  
------------------------------------------------------------------------------------
Charles McAvoy           0  0  0   1  0   1  0  4  0  0  0/0    23:23   2:16   3:16 
Connor Murphy            0  0  0   1  0   2  4  0  0  0  0/0    25:16   3:03   3:16 
David Perron             1  0  1   0  0   7  2  1  0  0  0/0    18:54   2:38   0:12 
Deryk Engelland          0  0  0   0  0   2  0  0  0  0  0/0    14:37   0:00   2:26 
Drake Batherson          0  0  0   0  0   0  1  0  0  0  2/4     5:48   0:00   2:05 
Evander Kane             0  2  2   2  0   4  2  0  0  0  1/1    19:18   2:41   0:00 
Haydn Fleury             0  1  1   0  0   1  0  0  0  0  0/0     2:16   2:16   0:00 
Ilya Mikheyev            0  0  0   0  0   7  0  0  0  0  0/1    18:45   2:41   0:00 
Jean-Gabriel Pageau      0  0  0   0  0   0  0  0  0  0  15/24  18:53   2:41   3:37 
Logan Couture            0  0  0   0  0   1  0  0  0  0  9/24   16:04   0:00   0:00 
Marcus Foligno           0  0  0   0  0   3  0  0  0  0  0/1    18:23   0:00   2:05 
Mark Borowiecki          0  0  0   2  4   2  2  0  0  0  0/0    22:21   0:00   1:04 
Mark Scheifele           1  1  2   2  0   5  1  0  0  0  19/26  19:15   2:38   0:00 
Nikita Kucherov          1  2  3   2  0   5  0  0  0  0  1/1    19:15   2:38   0:00 
Rasmus Dahlin            0  0  0   0  2   0  0  2  0  0  0/0    16:35   3:03   1:22 
Robert Fabbri            0  0  0   0  0   1  0  0  0  0  1/4     3:43   0:00   0:00 
Ryan Hartman             0  0  0   0  0   1  0  0  0  0  1/2    16:00   0:00   3:25 
Vladislav Gavrikov       0  0  0   0  0   0  1  0  0  0  0/0    15:29   0:00   0:00 

Players Stats for LAS VEGAS LIZARD KINGS

Player Name              G  A  P  +/- PIM S  H  SB GA TA FO     MP     PP MP  PK MP  
------------------------------------------------------------------------------------
Barclay Goodrow          0  0  0   0  0   1  9  0  0  0  13/28  21:19   1:48   3:17 
Bobby Ryan               0  0  0  -1  0   1  1  0  0  0  0/0    11:51   0:00   2:08 
Brayden McNabb           0  0  0  -1  2   1  1  0  0  0  0/0    19:32   0:45   2:36 
Derek Ryan               0  0  0  -1  0   0  0  0  0  0  8/13   10:01   0:18   0:00 
Drake Caggiula           0  0  0   0  0   0  2  0  0  0  0/0     5:53   0:18   0:58 
Dylan Gambrell           0  0  0   0  0   0  1  0  0  0  2/4     4:37   0:00   0:00 
Evan Rodrigues           0  0  0   0  0   0  0  0  0  0  0/1     4:37   0:00   0:00 
Jeff Skinner             0  0  0   0  0   2  0  0  0  0  1/3    18:02   1:48   0:00 
John Marino              0  0  0   0  0   1  1  5  0  0  0/0    24:21   2:01   0:03 
Johnny Gaudreau          1  0  1  -1  0   4  0  0  0  0  1/2    22:01   3:36   0:00 
Matt Niskanen            0  0  0   0  2   1  5  5  0  0  0/0    26:09   2:28   1:25 
Matt Roy                 0  0  0  -1  0   1  1  1  0  0  0/0    13:26   2:56   0:00 
Mirco Mueller            0  0  0  -1  0   0  0  1  0  0  0/0    14:10   0:18   3:22 
Nino Niederreiter        0  0  0   0  2   1  0  0  0  0  0/2    19:41   1:48   1:40 
Olli Maatta              0  0  0  -1  0   0  2  0  0  0  0/0    22:20   2:56   3:12 
Sean Monahan             0  1  1  -1  0   3  0  0  0  0  13/31  22:49   3:36   0:48 
Victor Olofsson          0  1  1  -1  0   4  0  0  0  0  1/2    22:01   3:36   0:00 
Zemgus Girgensons        0  0  0  -1  0   1  1  0  0  0  0/2    11:48   0:18   1:47 

3 Stars

1 - Nikita Kucherov (SDG)
2 - Mark Scheifele (SDG)
3 - Evander Kane (SDG)

Power Play

SAN DIEGO THUNDER - 1 on 3 Attempt(s) - 33,33%
LAS VEGAS LIZARD KINGS - 1 on 3 Attempt(s) - 33,33%

Penalty Kill

SAN DIEGO THUNDER - 2 on 3 Attempt(s) - 66,67% - Score 0 goal in Penalty Kill
LAS VEGAS LIZARD KINGS - 2 on 3 Attempt(s) - 66,67% - Score 0 goal in Penalty Kill

Team Stat

SAN DIEGO THUNDER - Hits : 13 - Faceoff Wins : 49 - Blocked Shots : 7 - Penalty Minutes : 6
LAS VEGAS LIZARD KINGS - Hits : 24 - Faceoff Wins : 39 - Blocked Shots : 12 - Penalty Minutes : 6

Official

Referees : Beaudry Halkidis and Eric Furlatt
Linesman : Derek Amell and Luke Galvin

Game Notes

No Game Note

Finance

Level 1 -- Attendance: 4521 (72,11%) -- Ticket Income 994 620 $
Level 2 -- Attendance: 3875 (72,84%) -- Ticket Income 581 250 $
Level 3 -- Attendance: 1521 (72,78%) -- Ticket Income 197 730 $
Level 4 -- Attendance: 2674 (61,90%) -- Ticket Income 267 400 $
Luxury Box -- Attendance: 742 (74,20%) -- Ticket Income 296 800 $
Game was played at the Casino Square Garden.
Total Attendance: 13333 (70,17%)
Total Ticket Income: 2 337 800 $
Other Expense: 23 378 $
Total Income: 2 314 422 $

SAN DIEGO THUNDER

5 vs 5 Forward 
   Center                   Left Wing                Right Wing               Time % Phy DF OF 
 1 Mark Scheifele           Evander Kane             Nikita Kucherov          35     0   2  3  
 2 Logan Couture            David Perron             Ilya Mikheyev            33     0   2  3  
 3 Jean-Gabriel Pageau      Marcus Foligno           Ryan Hartman             26     0   3  2  
 4 Robert Fabbri            Marcus Foligno           Drake Batherson          6      0   4  1  

5 vs 5 Defense 
   Defense                  Defense                                           Time % Phy DF OF 
 1 Mark Borowiecki          Charles McAvoy                                    36     0   3  2  
 2 Connor Murphy            Vladislav Gavrikov                                31     0   3  2  
 3 Deryk Engelland          Rasmus Dahlin                                     18     0   3  2  
 4 Connor Murphy            Mark Borowiecki                                   15     0   2  3  

PowerPlay Forward 
   Center                   Left Wing                Right Wing               Time % Phy DF OF 
 1 Mark Scheifele           David Perron             Nikita Kucherov          55     0   1  4  
 2 Jean-Gabriel Pageau      Evander Kane             Ilya Mikheyev            45     0   1  4  

PowerPlay Defense
   Defense                  Defense                                           Time % Phy DF OF 
 1 Rasmus Dahlin            Connor Murphy                                     55     0   1  4  
 2 Charles McAvoy           Haydn Fleury                                      45     0   1  4  

Penalty Kill 4 Players Forward 
   Center                   Wing                     Time % Phy DF OF 
 1 Jean-Gabriel Pageau      Ryan Hartman             55     0   4  1  
 2 Drake Batherson          Marcus Foligno           45     0   4  1  

Penalty Kill 4 Players Defense
   Defense                  Defense                  Time % Phy DF OF 
 1 Mark Borowiecki          Connor Murphy            55     0   4  1  
 2 Deryk Engelland          Charles McAvoy           45     0   4  1  

Penalty Kill - 3 Players Forward 
   Forward                                           Time % Phy DF OF 
 1 Ryan Hartman                                      55     0   4  1  
 2 Jean-Gabriel Pageau                               45     0   4  1  

Penalty Kill - 3 Players Defense
   Defense                  Defense                  Time % Phy DF OF 
 1 Charles McAvoy           Connor Murphy            55     0   4  1  
 2 Deryk Engelland          Mark Borowiecki          45     0   4  1  

4 vs 4 Forward 
   Center                   Wing                     Time % Phy DF OF 
 1 Mark Scheifele           Nikita Kucherov          55     0   2  3  
 2 Logan Couture            David Perron             45     0   2  3  

4 vs 4 Defense
   Defense                  Defense                  Time % Phy DF OF 
 1 Charles McAvoy           Connor Murphy            55     1   2  2  
 2 Deryk Engelland          Mark Borowiecki          45     1   2  2  

Last Minutes Offensive
   Center                   Left Wing                Right Wing               Defense                  Defense                  
   Mark Scheifele           David Perron             Nikita Kucherov          Charles McAvoy           Rasmus Dahlin            

Last Minutes Defensive
   Center                   Left Wing                Right Wing               Defense                  Defense                  
   Mark Scheifele           Evander Kane             Ryan Hartman             Charles McAvoy           Connor Murphy            

Goaltenders
Starting : Connor Hellebuyck        
Backup : Louis Domingue           

Extra Forwards
Normal : Mark Scheifele, David Perron, Evander Kane - PP : Mark Scheifele, Marcus Foligno - PK : Ryan Hartman
Extra Defensemen
Normal : Connor Murphy, Charles McAvoy, Rasmus Dahlin - PP : Charles McAvoy - PK : Connor Murphy, Charles McAvoy
Penalty Shots
Mark Scheifele, David Perron, Evander Kane, Jean-Gabriel Pageau, Ilya Mikheyev
Custom OT Lines Forwards
Mark Scheifele, David Perron, Nikita Kucherov, Evander Kane, Jean-Gabriel Pageau, Ilya Mikheyev, Robert Fabbri, Drake Batherson, Marcus Foligno, Ryan Hartman
Custom OT Lines Defensemen
Charles McAvoy, Connor Murphy, Rasmus Dahlin, Mark Borowiecki, Vladislav Gavrikov

Scratches
Laurent Brossoit (Fractured Metatarsal (Right Foot) Injury)

LAS VEGAS LIZARD KINGS

5 vs 5 Forward 
   Center                   Left Wing                Right Wing               Time % Phy DF OF 
 1 Sean Monahan             Johnny Gaudreau          Victor Olofsson          38     0   1  4  
 2 Barclay Goodrow          Jeff Skinner             Nino Niederreiter        33     0   2  3  
 3 Derek Ryan               Zemgus Girgensons        Bobby Ryan               22     0   3  2  
 4 Dylan Gambrell           Drake Caggiula           Evan Rodrigues           7      0   4  1  

5 vs 5 Defense 
   Defense                  Defense                                           Time % Phy DF OF 
 1 Matt Niskanen            John Marino                                       46     0   2  3  
 2 Olli Maatta              Brayden McNabb                                    38     0   3  2  
 3 Matt Roy                 Mirco Mueller                                     16     1   2  2  
 4 Matt Niskanen            John Marino                                       0      1   2  2  

PowerPlay Forward 
   Center                   Left Wing                Right Wing               Time % Phy DF OF 
 1 Sean Monahan             Johnny Gaudreau          Victor Olofsson          75     0   0  5  
 2 Barclay Goodrow          Jeff Skinner             Nino Niederreiter        25     0   1  4  

PowerPlay Defense
   Defense                  Defense                                           Time % Phy DF OF 
 1 Matt Niskanen            John Marino                                       75     0   0  5  
 2 Olli Maatta              Matt Roy                                          25     0   1  4  

Penalty Kill 4 Players Forward 
   Center                   Wing                     Time % Phy DF OF 
 1 Barclay Goodrow          Nino Niederreiter        70     0   5  0  
 2 Derek Ryan               Bobby Ryan               30     0   5  0  

Penalty Kill 4 Players Defense
   Defense                  Defense                  Time % Phy DF OF 
 1 Olli Maatta              Brayden McNabb           55     0   5  0  
 2 Matt Niskanen            Mirco Mueller            45     0   5  0  

Penalty Kill - 3 Players Forward 
   Forward                                           Time % Phy DF OF 
 1 Barclay Goodrow                                   55     1   2  2  
 2 Derek Ryan                                        45     1   2  2  

Penalty Kill - 3 Players Defense
   Defense                  Defense                  Time % Phy DF OF 
 1 Matt Roy                 Brayden McNabb           55     1   2  2  
 2 Olli Maatta              Mirco Mueller            45     1   2  2  

4 vs 4 Forward 
   Center                   Wing                     Time % Phy DF OF 
 1 Sean Monahan             Johnny Gaudreau          55     0   2  3  
 2 Barclay Goodrow          Nino Niederreiter        45     0   2  3  

4 vs 4 Defense
   Defense                  Defense                  Time % Phy DF OF 
 1 Matt Niskanen            Brayden McNabb           55     1   2  2  
 2 Olli Maatta              John Marino              45     1   2  2  

Last Minutes Offensive
   Center                   Left Wing                Right Wing               Defense                  Defense                  
   Sean Monahan             Johnny Gaudreau          Victor Olofsson          Matt Niskanen            John Marino              

Last Minutes Defensive
   Center                   Left Wing                Right Wing               Defense                  Defense                  
   Barclay Goodrow          Nino Niederreiter        Bobby Ryan               Matt Niskanen            Brayden McNabb           

Goaltenders
Starting : Marc-Andre Fleury        
Backup : Alex Stalock             

Extra Forwards
Normal : Barclay Goodrow, Derek Ryan, Bobby Ryan - PP : Barclay Goodrow, Derek Ryan - PK : Bobby Ryan
Extra Defensemen
Normal : Matt Roy, Mirco Mueller, Olli Maatta - PP : Matt Roy - PK : Mirco Mueller, Olli Maatta
Penalty Shots
Johnny Gaudreau, Sean Monahan, Victor Olofsson, Jeff Skinner, Nino Niederreiter
Custom OT Lines Forwards
Sean Monahan, Johnny Gaudreau, Barclay Goodrow, Nino Niederreiter, Victor Olofsson, Jeff Skinner, Drake Caggiula, Derek Ryan, Bobby Ryan, Zemgus Girgensons
Custom OT Lines Defensemen
Matt Niskanen, Brayden McNabb, John Marino, Olli Maatta, Matt Roy

Scratches
Ryan Nugent-Hopkins (Sore Right Knee Injury)

% Time on Ice - SAN DIEGO THUNDER

Lines # - Real PCT - Wanted PCT - Time Play
Normal Forward
1 - 34% - 35% - 16:37
2 - 33% - 33% - 16:04
3 - 26% - 26% - 12:35
4 - 8% - 6% - 3:43
Normal Defense
1 - 36% - 36% - 17:51
2 - 32% - 31% - 15:29
3 - 25% - 18% - 12:11
4 - 7% - 15% - 3:28
PP Forward
1 - 50% - 55% - 2:38
2 - 50% - 45% - 2:41
PP Defense
1 - 57% - 55% - 3:03
2 - 43% - 45% - 2:16
PK Forward
1 - 63% - 55% - 3:37
2 - 37% - 45% - 2:05
PK Defense
1 - 57% - 55% - 3:16
2 - 43% - 45% - 2:26
PK3 Forward
1 - 0% - 55%
2 - 0% - 45%
PK3 Defense
1 - 0% - 55%
2 - 0% - 45%
44 Forward
1 - 0% - 55%
2 - 0% - 45%
44 Defense
1 - 0% - 55%
2 - 0% - 45%
Last Minute Offensive  - 0:00
Last Minute Defensive  - 0:00
Total
Forward - 60:00
Defense - 60:00

% Time on Ice - LAS VEGAS LIZARD KINGS

Lines # - Real PCT - Wanted PCT - Time Play
Normal Forward
1 - 38% - 38% - 18:25
2 - 33% - 33% - 16:14
3 - 20% - 22% - 9:43
4 - 9% - 7% - 4:37
Normal Defense
1 - 45% - 46% - 22:17
2 - 33% - 38% - 16:12
3 - 21% - 16% - 10:30
4 - 0% - 0% - 0:00
PP Forward
1 - 68% - 75% - 3:54
2 - 32% - 25% - 1:48
PP Defense
1 - 43% - 75% - 2:28
2 - 57% - 25% - 3:14
PK Forward
1 - 100% - 70% - 5:19
2 - 0% - 30% - 0:00
PK Defense
1 - 50% - 55% - 2:38
2 - 50% - 45% - 2:41
PK3 Forward
1 - 0% - 55%
2 - 0% - 45%
PK3 Defense
1 - 0% - 55%
2 - 0% - 45%
44 Forward
1 - 0% - 55%
2 - 0% - 45%
44 Defense
1 - 0% - 55%
2 - 0% - 45%
Last Minute Offensive  - 0:00
Last Minute Defensive  - 0:00
Total
Forward - 60:00
Defense - 60:00

Play-by-Play

1st period


0:01 of 1st period - Mark Scheifele wins face-off versus Sean Monahan in neutral zone.
0:23 of 1st period - Shot by Sean Monahan.
0:23 of 1st period - Stopped by Connor Hellebuyck with a rebound.
0:25 of 1st period - Shot by Matt Niskanen.
0:25 of 1st period - Shot Misses the Net.
0:45 of 1st period - Shot by Sean Monahan.
0:45 of 1st period - Stopped by Connor Hellebuyck with a rebound.
1:00 of 1st period - Off-side.
1:01 of 1st period - Derek Ryan wins face-off versus Logan Couture in neutral zone.
1:05 of 1st period - Icing by Vladislav Gavrikov.
1:06 of 1st period - Barclay Goodrow wins face-off versus Logan Couture in SAN DIEGO THUNDER zone.
1:09 of 1st period - Shot by Jeff Skinner.
1:09 of 1st period - Stopped by Connor Hellebuyck without a rebound.
1:10 of 1st period - Derek Ryan wins face-off versus Jean-Gabriel Pageau in SAN DIEGO THUNDER zone.
1:44 of 1st period - Bobby Ryan is hit by Connor Murphy and loses puck.
2:14 of 1st period - Nino Niederreiter is hit by Vladislav Gavrikov and loses puck.
2:35 of 1st period - Shot by Nino Niederreiter.
2:35 of 1st period - Shot Misses the Net.
2:37 of 1st period - Shot by Barclay Goodrow.
2:37 of 1st period - Stopped by Connor Hellebuyck without a rebound.
2:38 of 1st period - Dylan Gambrell wins face-off versus Logan Couture in SAN DIEGO THUNDER zone.
2:56 of 1st period - Shot by David Perron.
2:56 of 1st period - Shot Misses the Net.
2:58 of 1st period - Shot by Rasmus Dahlin.
2:58 of 1st period - Shot Misses the Net.
3:00 of 1st period - Shot by David Perron.
3:00 of 1st period - Stopped by Marc-Andre Fleury with a rebound.
3:11 of 1st period - Ilya Mikheyev is hit by John Marino and loses puck.
3:23 of 1st period - Icing by John Marino.
3:24 of 1st period - Mark Scheifele wins face-off versus Evan Rodrigues in LAS VEGAS LIZARD KINGS zone.
3:24 of 1st period - Mark Scheifele is hit by Matt Niskanen.
3:52 of 1st period - Shot by Sean Monahan.
3:52 of 1st period - Stopped by Connor Hellebuyck without a rebound.
3:53 of 1st period - Logan Couture wins face-off versus Barclay Goodrow in SAN DIEGO THUNDER zone.
3:53 of 1st period - Logan Couture is hit by Barclay Goodrow.
4:35 of 1st period - Evander Kane is hit by Barclay Goodrow and loses puck.
4:45 of 1st period - Off-side.
4:46 of 1st period - Sean Monahan wins face-off versus Robert Fabbri in neutral zone.
5:12 of 1st period - Icing by Connor Murphy.
5:13 of 1st period - Robert Fabbri wins face-off versus Zemgus Girgensons in SAN DIEGO THUNDER zone.
5:47 of 1st period - Shot by Bobby Ryan.
5:47 of 1st period - Deflect By Derek Ryan.
5:47 of 1st period - Shot Misses the Net.
5:49 of 1st period - Shot by Derek Ryan.
5:49 of 1st period - Shot Misses the Net.
5:51 of 1st period - Shot by Zemgus Girgensons.
5:51 of 1st period - Stopped by Connor Hellebuyck without a rebound.
5:52 of 1st period - Victor Olofsson wins face-off versus Logan Couture in SAN DIEGO THUNDER zone.
5:53 of 1st period - Shot by Sean Monahan.
5:53 of 1st period - Shot Blocked by Charles McAvoy.
6:27 of 1st period - Shot by Sean Monahan.
6:27 of 1st period - Shot Blocked by Charles McAvoy.
8:14 of 1st period - Shot by Ryan Hartman.
8:14 of 1st period - Shot Misses the Net.
8:34 of 1st period - Shot by Nino Niederreiter.
8:34 of 1st period - Shot Blocked by David Perron.
8:42 of 1st period - Logan Couture is hit by Barclay Goodrow and loses puck.
9:17 of 1st period - Nikita Kucherov is hit by Barclay Goodrow and loses puck.
9:58 of 1st period - Mark Scheifele is hit by Bobby Ryan and loses puck.
10:05 of 1st period - Icing by Zemgus Girgensons.
10:06 of 1st period - Jean-Gabriel Pageau wins face-off versus Zemgus Girgensons in LAS VEGAS LIZARD KINGS zone.
10:09 of 1st period - Shot by Marcus Foligno.
10:09 of 1st period - Stopped by Marc-Andre Fleury with a rebound.
10:42 of 1st period - Connor Murphy is hit by Drake Caggiula and loses puck.
11:10 of 1st period - Icing by Mark Borowiecki.
11:11 of 1st period - Barclay Goodrow wins face-off versus Logan Couture in SAN DIEGO THUNDER zone.
11:20 of 1st period - Shot by Barclay Goodrow.
11:20 of 1st period - Deflect By Jeff Skinner.
11:20 of 1st period - Shot Blocked by Charles McAvoy.
11:52 of 1st period - Shot by Zemgus Girgensons.
11:52 of 1st period - Shot Misses the Net.
11:54 of 1st period - Shot by Matt Niskanen.
11:54 of 1st period - Stopped by Connor Hellebuyck without a rebound.
11:55 of 1st period - Mark Scheifele wins face-off versus Dylan Gambrell in SAN DIEGO THUNDER zone.
12:02 of 1st period - Dylan Gambrell is hit by Evander Kane and loses puck.
12:39 of 1st period - Mark Scheifele is hit by Drake Caggiula and loses puck.
13:03 of 1st period - Shot by Jean-Gabriel Pageau.
13:03 of 1st period - Shot Misses the Net.
13:05 of 1st period - Shot by Marcus Foligno.
13:05 of 1st period - Shot Blocked by John Marino.
13:07 of 1st period - Shot by Ryan Hartman.
13:07 of 1st period - Shot Misses the Net.
13:09 of 1st period - Shot by Connor Murphy.
13:09 of 1st period - Shot Blocked by Matt Niskanen.
13:11 of 1st period - Shot by Marcus Foligno.
13:11 of 1st period - Stopped by Marc-Andre Fleury without a rebound.
13:12 of 1st period - Barclay Goodrow wins face-off versus Logan Couture in LAS VEGAS LIZARD KINGS zone.
13:21 of 1st period - Shot by David Perron.
13:21 of 1st period - Stopped by Marc-Andre Fleury without a rebound.
13:22 of 1st period - Sean Monahan wins face-off versus Jean-Gabriel Pageau in LAS VEGAS LIZARD KINGS zone.
13:43 of 1st period - Icing by Olli Maatta.
13:44 of 1st period - Sean Monahan wins face-off versus Mark Scheifele in LAS VEGAS LIZARD KINGS zone.
13:58 of 1st period - Shot by Nikita Kucherov.
13:58 of 1st period - Stopped by Marc-Andre Fleury without a rebound.
13:59 of 1st period - Logan Couture wins face-off versus Barclay Goodrow in LAS VEGAS LIZARD KINGS zone.
13:59 of 1st period - Logan Couture is hit by Matt Roy.
14:05 of 1st period - Shot by David Perron.
14:05 of 1st period - Shot Blocked by Matt Roy.
14:07 of 1st period - Shot by Mark Borowiecki.
14:07 of 1st period - Stopped by Marc-Andre Fleury with a rebound.
14:09 of 1st period - Shot by Ilya Mikheyev.
14:09 of 1st period - Stopped by Marc-Andre Fleury with a rebound.
14:11 of 1st period - Shot by Ilya Mikheyev.
14:11 of 1st period - Stopped by Marc-Andre Fleury without a rebound.
14:12 of 1st period - Derek Ryan wins face-off versus Mark Scheifele in LAS VEGAS LIZARD KINGS zone.
14:16 of 1st period - Brayden McNabb is hit by Connor Murphy and loses puck.
14:38 of 1st period - Shot by Mark Scheifele.
14:38 of 1st period - Shot Misses the Net.
14:48 of 1st period - Shot by Derek Ryan.
14:48 of 1st period - Shot Misses the Net.
14:55 of 1st period - Off-side.
14:56 of 1st period - Barclay Goodrow wins face-off versus Logan Couture in neutral zone.
15:33 of 1st period - Shot by Ilya Mikheyev.
15:33 of 1st period - Stopped by Marc-Andre Fleury without a rebound.
15:34 of 1st period - Sean Monahan wins face-off versus Jean-Gabriel Pageau in LAS VEGAS LIZARD KINGS zone.
16:14 of 1st period - Icing by Marcus Foligno.
16:15 of 1st period - Jean-Gabriel Pageau wins face-off versus Derek Ryan in SAN DIEGO THUNDER zone.
16:24 of 1st period - Shot by Ryan Hartman.
16:24 of 1st period - Stopped by Marc-Andre Fleury without a rebound.
16:25 of 1st period - Mark Scheifele wins face-off versus Barclay Goodrow in LAS VEGAS LIZARD KINGS zone.
16:32 of 1st period - Shot by Nikita Kucherov.
16:32 of 1st period - Shot Misses the Net.
16:35 of 1st period - Icing by Olli Maatta.
16:36 of 1st period - Logan Couture wins face-off versus Barclay Goodrow in LAS VEGAS LIZARD KINGS zone.
16:45 of 1st period - Shot by David Perron.
16:45 of 1st period - Stopped by Marc-Andre Fleury without a rebound.
16:46 of 1st period - Mark Scheifele wins face-off versus Sean Monahan in LAS VEGAS LIZARD KINGS zone.
17:42 of 1st period - Minor Penalty to Mark Borowiecki for Hooking.
17:43 of 1st period - Jean-Gabriel Pageau wins face-off versus Barclay Goodrow in SAN DIEGO THUNDER zone.
17:43 of 1st period - Jean-Gabriel Pageau is hit by Barclay Goodrow.
18:07 of 1st period - Shot by Nino Niederreiter.
18:07 of 1st period - Stopped by Connor Hellebuyck without a rebound.
18:08 of 1st period - Ryan Hartman wins face-off versus Sean Monahan in SAN DIEGO THUNDER zone.
18:18 of 1st period - Icing by Matt Niskanen.
18:19 of 1st period - Sean Monahan wins face-off versus Jean-Gabriel Pageau in LAS VEGAS LIZARD KINGS zone.
18:35 of 1st period - Icing by John Marino.
18:36 of 1st period - Jean-Gabriel Pageau wins face-off versus Sean Monahan in LAS VEGAS LIZARD KINGS zone.
18:41 of 1st period - Shot by Jean-Gabriel Pageau.
18:41 of 1st period - Shot Misses the Net.
18:43 of 1st period - Shot by Connor Murphy.
18:43 of 1st period - Stopped by Marc-Andre Fleury with a rebound.
19:01 of 1st period - Shot by Marcus Foligno.
19:01 of 1st period - Shot Misses the Net.
19:41 of 1st period - Shot by Barclay Goodrow.
19:41 of 1st period - Shot Misses the Net.
19:47 of 1st period - Brayden McNabb is hit by David Perron and loses puck.
Goals for this period are 0 for SAN DIEGO THUNDER vs 0 for LAS VEGAS LIZARD KINGS.
Shots for this period are 12 for SAN DIEGO THUNDER vs 8 for LAS VEGAS LIZARD KINGS.

2nd period


0:01 of 2nd period - Barclay Goodrow wins face-off versus Logan Couture in neutral zone.
0:04 of 2nd period - Shot by Nino Niederreiter.
0:04 of 2nd period - Shot Blocked by Charles McAvoy.
0:06 of 2nd period - Shot by John Marino.
0:06 of 2nd period - Stopped by Connor Hellebuyck without a rebound.
0:07 of 2nd period - Barclay Goodrow wins face-off versus Logan Couture in SAN DIEGO THUNDER zone.
0:41 of 2nd period - David Perron is hit by Matt Niskanen and loses puck.
0:50 of 2nd period - Shot by Logan Couture.
0:50 of 2nd period - Deflect By David Perron.
0:50 of 2nd period - Stopped by Marc-Andre Fleury without a rebound.
0:51 of 2nd period - Jean-Gabriel Pageau wins face-off versus Sean Monahan in LAS VEGAS LIZARD KINGS zone.
0:56 of 2nd period - Shot by Ryan Hartman.
0:56 of 2nd period - Shot Misses the Net.
1:08 of 2nd period - Shot by Johnny Gaudreau.
1:08 of 2nd period - Stopped by Connor Hellebuyck without a rebound.
1:09 of 2nd period - Mark Scheifele wins face-off versus Derek Ryan in SAN DIEGO THUNDER zone.
1:34 of 2nd period - Shot by Evander Kane.
1:34 of 2nd period - Stopped by Marc-Andre Fleury without a rebound.
1:35 of 2nd period - Johnny Gaudreau wins face-off versus Jean-Gabriel Pageau in LAS VEGAS LIZARD KINGS zone.
1:54 of 2nd period - Shot by Jean-Gabriel Pageau.
1:54 of 2nd period - Shot Misses the Net.
1:56 of 2nd period - Shot by Charles McAvoy.
1:56 of 2nd period - Shot Misses the Net.
1:58 of 2nd period - Shot by Jean-Gabriel Pageau.
1:58 of 2nd period - Shot Blocked by Matt Niskanen.
2:42 of 2nd period - Shot by Logan Couture.
2:42 of 2nd period - Shot Hit the Post.
3:31 of 2nd period - Brayden McNabb is hit by Mark Scheifele and loses puck.
3:36 of 2nd period - Shot by Mark Scheifele.
3:36 of 2nd period - Shot Misses the Net.
3:46 of 2nd period - Shot by Evander Kane.
3:46 of 2nd period - Shot Misses the Net.
3:48 of 2nd period - Shot by Mark Scheifele.
3:48 of 2nd period - Stopped by Marc-Andre Fleury without a rebound.
3:49 of 2nd period - Derek Ryan wins face-off versus Robert Fabbri in LAS VEGAS LIZARD KINGS zone.
3:57 of 2nd period - Icing by Mark Borowiecki.
3:58 of 2nd period - Sean Monahan wins face-off versus Robert Fabbri in SAN DIEGO THUNDER zone.
5:30 of 2nd period - Shot by Derek Ryan.
5:30 of 2nd period - Shot Misses the Net.
6:36 of 2nd period - Shot by Nino Niederreiter.
6:36 of 2nd period - Shot Blocked by Rasmus Dahlin.
6:57 of 2nd period - Shot by Logan Couture.
6:57 of 2nd period - Deflect By David Perron.
6:57 of 2nd period - Shot Misses the Net.
6:59 of 2nd period - Shot by Deryk Engelland.
6:59 of 2nd period - Stopped by Marc-Andre Fleury without a rebound.
7:00 of 2nd period - Jean-Gabriel Pageau wins face-off versus Sean Monahan in LAS VEGAS LIZARD KINGS zone.
7:01 of 2nd period - Shot by Marcus Foligno.
7:01 of 2nd period - Shot Misses the Net.
7:04 of 2nd period - Icing by Mirco Mueller.
7:05 of 2nd period - Jean-Gabriel Pageau wins face-off versus Sean Monahan in LAS VEGAS LIZARD KINGS zone.
7:50 of 2nd period - Shot by Victor Olofsson.
7:50 of 2nd period - Shot Misses the Net.
7:59 of 2nd period - Jean-Gabriel Pageau is hit by Olli Maatta and loses puck.
8:20 of 2nd period - Shot by Derek Ryan.
8:20 of 2nd period - Shot Misses the Net.
8:22 of 2nd period - Shot by Bobby Ryan.
8:22 of 2nd period - Stopped by Connor Hellebuyck without a rebound.
8:23 of 2nd period - Mark Scheifele wins face-off versus Nino Niederreiter in SAN DIEGO THUNDER zone.
8:55 of 2nd period - Icing by Barclay Goodrow.
8:56 of 2nd period - Logan Couture wins face-off versus Nino Niederreiter in LAS VEGAS LIZARD KINGS zone.
9:11 of 2nd period - Shot by Ilya Mikheyev.
9:11 of 2nd period - Shot Misses the Net.
9:30 of 2nd period - Minor Penalty to Rasmus Dahlin for Hooking.
9:31 of 2nd period - Jean-Gabriel Pageau wins face-off versus Sean Monahan in SAN DIEGO THUNDER zone.
10:42 of 2nd period - Icing by Barclay Goodrow.
10:43 of 2nd period - Drake Batherson wins face-off versus Barclay Goodrow in LAS VEGAS LIZARD KINGS zone.
11:15 of 2nd period - Off-side.
11:16 of 2nd period - Drake Batherson wins face-off versus Sean Monahan in neutral zone.
11:51 of 2nd period - Shot by Ilya Mikheyev.
11:51 of 2nd period - Stopped by Marc-Andre Fleury without a rebound.
11:52 of 2nd period - Mark Scheifele wins face-off versus Sean Monahan in LAS VEGAS LIZARD KINGS zone.
12:00 of 2nd period - Shot by Nikita Kucherov.
12:00 of 2nd period - Goal by Nikita Kucherov - SAN DIEGO THUNDER : 1 - LAS VEGAS LIZARD KINGS : 0.
12:01 of 2nd period - Sean Monahan wins face-off versus Mark Scheifele in neutral zone.
12:26 of 2nd period - Shot by Mark Scheifele.
12:26 of 2nd period - Shot Blocked by Matt Niskanen.
12:36 of 2nd period - Icing by Charles McAvoy.
12:37 of 2nd period - Mark Scheifele wins face-off versus Jeff Skinner in SAN DIEGO THUNDER zone.
12:37 of 2nd period - Nikita Kucherov is hit by Barclay Goodrow and loses puck.
13:09 of 2nd period - Minor Penalty to Brayden McNabb for Hooking.
13:10 of 2nd period - Barclay Goodrow wins face-off versus Jean-Gabriel Pageau in LAS VEGAS LIZARD KINGS zone.
13:21 of 2nd period - Barclay Goodrow is hit by Evander Kane and loses puck.
13:55 of 2nd period - Icing by Evander Kane.
13:56 of 2nd period - Jean-Gabriel Pageau wins face-off versus Barclay Goodrow in SAN DIEGO THUNDER zone.
13:56 of 2nd period - Jean-Gabriel Pageau is hit by Barclay Goodrow.
14:22 of 2nd period - Shot by Mark Scheifele.
14:22 of 2nd period - Shot Misses the Net.
14:24 of 2nd period - Shot by Nikita Kucherov.
14:24 of 2nd period - Stopped by Marc-Andre Fleury with a rebound.
14:26 of 2nd period - Shot by Haydn Fleury.
14:26 of 2nd period - Shot Misses the Net.
14:28 of 2nd period - Shot by Nikita Kucherov.
14:28 of 2nd period - Shot Misses the Net.
14:30 of 2nd period - Shot by David Perron.
14:30 of 2nd period - The goal is going for a video replay.
14:30 of 2nd period - The goal is good.
14:30 of 2nd period - Goal by David Perron - SAN DIEGO THUNDER : 2 - LAS VEGAS LIZARD KINGS : 0.
14:31 of 2nd period - Sean Monahan wins face-off versus Drake Batherson in neutral zone.
14:31 of 2nd period - Victor Olofsson is hit by Drake Batherson and loses puck.
15:50 of 2nd period - Shot by Ilya Mikheyev.
15:50 of 2nd period - Shot Blocked by Matt Niskanen.
16:16 of 2nd period - Off-side.
16:17 of 2nd period - Mark Scheifele wins face-off versus Barclay Goodrow in neutral zone.
16:19 of 2nd period - Evander Kane is hit by Barclay Goodrow and loses puck.
16:28 of 2nd period - Shot by Jeff Skinner.
16:28 of 2nd period - Stopped by Connor Hellebuyck without a rebound.
16:29 of 2nd period - Derek Ryan wins face-off versus Ryan Hartman in SAN DIEGO THUNDER zone.
16:29 of 2nd period - Derek Ryan is hit by Mark Borowiecki.
17:39 of 2nd period - Shot by Evander Kane.
17:39 of 2nd period - Stopped by Marc-Andre Fleury without a rebound.
17:40 of 2nd period - Barclay Goodrow wins face-off versus Logan Couture in LAS VEGAS LIZARD KINGS zone.
17:44 of 2nd period - Minor Penalty to Nino Niederreiter for Roughing.
17:45 of 2nd period - Mark Scheifele wins face-off versus Barclay Goodrow in LAS VEGAS LIZARD KINGS zone.
18:58 of 2nd period - Shot by Jean-Gabriel Pageau.
18:58 of 2nd period - Shot Misses the Net.
19:18 of 2nd period - Shot by Evander Kane.
19:18 of 2nd period - Stopped by Marc-Andre Fleury with a rebound.
Goals for this period are 2 for SAN DIEGO THUNDER vs 0 for LAS VEGAS LIZARD KINGS.
Shots for this period are 10 for SAN DIEGO THUNDER vs 4 for LAS VEGAS LIZARD KINGS.

3rd period


0:01 of 3rd period - Barclay Goodrow wins face-off versus Logan Couture in neutral zone.
0:35 of 3rd period - Shot by Ilya Mikheyev.
0:35 of 3rd period - Stopped by Marc-Andre Fleury without a rebound.
0:36 of 3rd period - Mark Scheifele wins face-off versus Sean Monahan in LAS VEGAS LIZARD KINGS zone.
0:43 of 3rd period - Shot by Mark Scheifele.
0:43 of 3rd period - Stopped by Marc-Andre Fleury without a rebound.
0:44 of 3rd period - Mark Scheifele wins face-off versus Sean Monahan in LAS VEGAS LIZARD KINGS zone.
0:57 of 3rd period - Shot by Nikita Kucherov.
0:57 of 3rd period - Stopped by Marc-Andre Fleury with a rebound.
0:59 of 3rd period - Shot by Evander Kane.
0:59 of 3rd period - Stopped by Marc-Andre Fleury with a rebound.
1:09 of 3rd period - Shot by Mark Scheifele.
1:09 of 3rd period - Shot Misses the Net.
1:11 of 3rd period - Shot by Deryk Engelland.
1:11 of 3rd period - Stopped by Marc-Andre Fleury without a rebound.
1:12 of 3rd period - Jean-Gabriel Pageau wins face-off versus Barclay Goodrow in LAS VEGAS LIZARD KINGS zone.
1:23 of 3rd period - Shot by Marcus Foligno.
1:23 of 3rd period - Shot Blocked by John Marino.
1:28 of 3rd period - Off-side.
1:29 of 3rd period - Sean Monahan wins face-off versus Logan Couture in neutral zone.
1:47 of 3rd period - Sean Monahan is hit by Connor Murphy and loses puck.
2:04 of 3rd period - Shot by David Perron.
2:04 of 3rd period - Deflect By Logan Couture.
2:04 of 3rd period - Shot Misses the Net.
2:06 of 3rd period - Shot by Connor Murphy.
2:06 of 3rd period - Stopped by Marc-Andre Fleury without a rebound.
2:07 of 3rd period - Evander Kane wins face-off versus Barclay Goodrow in LAS VEGAS LIZARD KINGS zone.
2:24 of 3rd period - Icing by Mark Borowiecki.
2:25 of 3rd period - Mark Scheifele wins face-off versus Derek Ryan in SAN DIEGO THUNDER zone.
2:36 of 3rd period - Shot by Nikita Kucherov.
2:36 of 3rd period - Shot Misses the Net.
2:38 of 3rd period - Shot by Mark Borowiecki.
2:38 of 3rd period - Stopped by Marc-Andre Fleury without a rebound.
2:39 of 3rd period - Jean-Gabriel Pageau wins face-off versus Barclay Goodrow in LAS VEGAS LIZARD KINGS zone.
2:53 of 3rd period - Shot by Marcus Foligno.
2:53 of 3rd period - Stopped by Marc-Andre Fleury without a rebound.
2:54 of 3rd period - Mark Scheifele wins face-off versus Sean Monahan in LAS VEGAS LIZARD KINGS zone.
2:54 of 3rd period - Mark Scheifele is hit by Olli Maatta.
3:24 of 3rd period - Shot by Mark Scheifele.
3:24 of 3rd period - Stopped by Marc-Andre Fleury without a rebound.
3:25 of 3rd period - Jean-Gabriel Pageau wins face-off versus Barclay Goodrow in LAS VEGAS LIZARD KINGS zone.
3:25 of 3rd period - Ryan Hartman is hit by Matt Niskanen and loses puck.
3:45 of 3rd period - Jean-Gabriel Pageau is hit by Matt Niskanen and loses puck.
4:07 of 3rd period - Marcus Foligno is hit by Matt Niskanen.
4:59 of 3rd period - Shot by Logan Couture.
4:59 of 3rd period - Shot Blocked by John Marino.
5:05 of 3rd period - Shot by Logan Couture.
5:05 of 3rd period - Shot Misses the Net.
5:11 of 3rd period - Shot by Ilya Mikheyev.
5:11 of 3rd period - Shot Misses the Net.
5:20 of 3rd period - Minor Penalty to Mark Borowiecki for Hooking.
5:21 of 3rd period - Sean Monahan wins face-off versus Jean-Gabriel Pageau in SAN DIEGO THUNDER zone.
6:27 of 3rd period - Shot by Derek Ryan.
6:27 of 3rd period - Shot Misses the Net.
6:29 of 3rd period - Shot by Brayden McNabb.
6:29 of 3rd period - Stopped by Connor Hellebuyck without a rebound.
6:30 of 3rd period - Sean Monahan wins face-off versus Drake Batherson in SAN DIEGO THUNDER zone.
6:35 of 3rd period - Shot by Victor Olofsson.
6:35 of 3rd period - Shot Misses the Net.
6:37 of 3rd period - Shot by Matt Roy.
6:37 of 3rd period - Stopped by Connor Hellebuyck without a rebound.
6:38 of 3rd period - Jean-Gabriel Pageau wins face-off versus Johnny Gaudreau in SAN DIEGO THUNDER zone.
6:44 of 3rd period - Icing by Sean Monahan.
6:45 of 3rd period - Jean-Gabriel Pageau wins face-off versus Sean Monahan in LAS VEGAS LIZARD KINGS zone.
7:02 of 3rd period - Shot by Johnny Gaudreau.
7:02 of 3rd period - Shot Misses the Net.
7:04 of 3rd period - Shot by Johnny Gaudreau.
7:04 of 3rd period - Goal by Johnny Gaudreau - SAN DIEGO THUNDER : 2 - LAS VEGAS LIZARD KINGS : 1.
7:05 of 3rd period - Derek Ryan wins face-off versus Mark Scheifele in neutral zone.
7:25 of 3rd period - Shot by Mark Scheifele.
7:25 of 3rd period - Shot Blocked by Mirco Mueller.
7:30 of 3rd period - Off-side.
7:31 of 3rd period - Dylan Gambrell wins face-off versus Logan Couture in neutral zone.
7:36 of 3rd period - Olli Maatta is hit by David Perron and loses puck.
7:42 of 3rd period - Off-side.
7:43 of 3rd period - Nikita Kucherov wins face-off versus Sean Monahan in neutral zone.
7:52 of 3rd period - Shot by Nikita Kucherov.
7:52 of 3rd period - Shot Hit the Post.
8:24 of 3rd period - Shot by Mark Scheifele.
8:24 of 3rd period - Stopped by Marc-Andre Fleury without a rebound.
8:25 of 3rd period - Barclay Goodrow wins face-off versus Logan Couture in LAS VEGAS LIZARD KINGS zone.
9:01 of 3rd period - Shot by David Perron.
9:01 of 3rd period - Shot Blocked by Matt Niskanen.
9:50 of 3rd period - Shot by Ryan Hartman.
9:50 of 3rd period - Shot Blocked by John Marino.
9:52 of 3rd period - Shot by Deryk Engelland.
9:52 of 3rd period - Shot Misses the Net.
10:08 of 3rd period - Evander Kane is hit by Barclay Goodrow and loses puck.
10:18 of 3rd period - Icing by Connor Murphy.
10:19 of 3rd period - Mark Scheifele wins face-off versus Sean Monahan in SAN DIEGO THUNDER zone.
10:38 of 3rd period - Shot by Victor Olofsson.
10:38 of 3rd period - Stopped by Connor Hellebuyck without a rebound.
10:39 of 3rd period - Derek Ryan wins face-off versus Logan Couture in SAN DIEGO THUNDER zone.
10:40 of 3rd period - Shot by Zemgus Girgensons.
10:40 of 3rd period - Shot Misses the Net.
10:42 of 3rd period - Shot by Bobby Ryan.
10:42 of 3rd period - Shot Misses the Net.
11:04 of 3rd period - Ilya Mikheyev is hit by Zemgus Girgensons and loses puck.
11:19 of 3rd period - Shot by Bobby Ryan.
11:19 of 3rd period - Shot Misses the Net.
11:34 of 3rd period - Icing by Brayden McNabb.
11:35 of 3rd period - Sean Monahan wins face-off versus Mark Scheifele in LAS VEGAS LIZARD KINGS zone.
11:42 of 3rd period - Shot by Sean Monahan.
11:42 of 3rd period - Shot Misses the Net.
11:44 of 3rd period - Shot by Olli Maatta.
11:44 of 3rd period - Shot Hit the Post.
11:46 of 3rd period - Shot by Johnny Gaudreau.
11:46 of 3rd period - Stopped by Connor Hellebuyck with a rebound.
11:58 of 3rd period - Shot by Victor Olofsson.
11:58 of 3rd period - Stopped by Connor Hellebuyck with a rebound.
12:06 of 3rd period - Shot by Victor Olofsson.
12:06 of 3rd period - Stopped by Connor Hellebuyck without a rebound.
12:07 of 3rd period - Jean-Gabriel Pageau wins face-off versus Dylan Gambrell in SAN DIEGO THUNDER zone.
12:07 of 3rd period - Jean-Gabriel Pageau is hit by Dylan Gambrell.
13:00 of 3rd period - Shot by Victor Olofsson.
13:00 of 3rd period - Shot Misses the Net.
13:28 of 3rd period - Shot by Johnny Gaudreau.
13:28 of 3rd period - Stopped by Connor Hellebuyck without a rebound.
13:29 of 3rd period - Mark Scheifele wins face-off versus Derek Ryan in SAN DIEGO THUNDER zone.
13:48 of 3rd period - Evander Kane is hit by Brayden McNabb and loses puck.
13:51 of 3rd period - Shot by Mark Scheifele.
13:51 of 3rd period - Shot Misses the Net.
13:53 of 3rd period - Shot by Mark Scheifele.
13:53 of 3rd period - Goal by Mark Scheifele - SAN DIEGO THUNDER : 3 - LAS VEGAS LIZARD KINGS : 1.
13:54 of 3rd period - Logan Couture wins face-off versus Barclay Goodrow in neutral zone.
13:57 of 3rd period - Shot by David Perron.
13:57 of 3rd period - Stopped by Marc-Andre Fleury without a rebound.
13:58 of 3rd period - Logan Couture wins face-off versus Sean Monahan in LAS VEGAS LIZARD KINGS zone.
13:59 of 3rd period - Shot by Ilya Mikheyev.
13:59 of 3rd period - Stopped by Marc-Andre Fleury with a rebound.
14:04 of 3rd period - Icing by Sean Monahan.
14:05 of 3rd period - Logan Couture wins face-off versus Victor Olofsson in LAS VEGAS LIZARD KINGS zone.
14:16 of 3rd period - Shot by Logan Couture.
14:16 of 3rd period - Shot Misses the Net.
14:18 of 3rd period - Shot by Ilya Mikheyev.
14:18 of 3rd period - Stopped by Marc-Andre Fleury without a rebound.
14:18 of 3rd period - Minor Penalty to Matt Niskanen for Hooking.
14:19 of 3rd period - Barclay Goodrow wins face-off versus Mark Scheifele in LAS VEGAS LIZARD KINGS zone.
14:53 of 3rd period - Shot by Mark Scheifele.
14:53 of 3rd period - Shot Misses the Net.
14:55 of 3rd period - Shot by Haydn Fleury.
14:55 of 3rd period - Stopped by Marc-Andre Fleury without a rebound.
14:56 of 3rd period - Barclay Goodrow wins face-off versus Jean-Gabriel Pageau in LAS VEGAS LIZARD KINGS zone.
15:24 of 3rd period - Shot by Jean-Gabriel Pageau.
15:24 of 3rd period - Shot Misses the Net.
15:26 of 3rd period - Shot by Connor Murphy.
15:26 of 3rd period - Shot Hit the Post.
16:12 of 3rd period - Shot by Mark Scheifele.
16:12 of 3rd period - Shot Misses the Net.
16:14 of 3rd period - Shot by Charles McAvoy.
16:14 of 3rd period - Stopped by Marc-Andre Fleury without a rebound.
16:15 of 3rd period - Mark Scheifele wins face-off versus Barclay Goodrow in LAS VEGAS LIZARD KINGS zone.
16:37 of 3rd period - Shot by Marcus Foligno.
16:37 of 3rd period - Deflect By Robert Fabbri.
16:37 of 3rd period - Stopped by Marc-Andre Fleury without a rebound.
16:38 of 3rd period - Barclay Goodrow wins face-off versus Mark Scheifele in LAS VEGAS LIZARD KINGS zone.
16:42 of 3rd period - Jeff Skinner is hit by Connor Murphy and loses puck.
17:02 of 3rd period - Shot by Evander Kane.
17:02 of 3rd period - Shot Misses the Net.
17:14 of 3rd period - Shot by Nikita Kucherov.
17:14 of 3rd period - Shot Blocked by John Marino.
17:16 of 3rd period - Shot by Connor Murphy.
17:16 of 3rd period - Shot Misses the Net.
17:29 of 3rd period - Icing by John Marino.
17:30 of 3rd period - Jeff Skinner wins face-off versus Ilya Mikheyev in LAS VEGAS LIZARD KINGS zone.
17:30 of 3rd period - Jeff Skinner is hit by Mark Borowiecki.
18:05 of 3rd period - Shot by Logan Couture.
18:05 of 3rd period - Deflect By David Perron.
18:05 of 3rd period - Stopped by Marc-Andre Fleury without a rebound.
18:06 of 3rd period - Derek Ryan wins face-off versus Marcus Foligno in LAS VEGAS LIZARD KINGS zone.
18:13 of 3rd period - Shot by Zemgus Girgensons.
18:13 of 3rd period - Shot Blocked by Rasmus Dahlin.
18:32 of 3rd period - Shot by Bobby Ryan.
18:32 of 3rd period - Shot Misses the Net.
18:39 of 3rd period - Icing by Deryk Engelland.
18:40 of 3rd period - Sean Monahan wins face-off versus Jean-Gabriel Pageau in SAN DIEGO THUNDER zone.
18:55 of 3rd period - Shot by Jean-Gabriel Pageau.
18:55 of 3rd period - Shot Misses the Net.
19:03 of 3rd period - Shot by Victor Olofsson.
19:03 of 3rd period - Stopped by Connor Hellebuyck without a rebound.
19:04 of 3rd period - Logan Couture wins face-off versus Jeff Skinner in SAN DIEGO THUNDER zone.
19:17 of 3rd period - Shot by Logan Couture.
19:17 of 3rd period - Stopped by Marc-Andre Fleury without a rebound.
19:18 of 3rd period - Mark Scheifele wins face-off versus Derek Ryan in LAS VEGAS LIZARD KINGS zone.
19:31 of 3rd period - Shot by Nikita Kucherov.
19:31 of 3rd period - Stopped by Marc-Andre Fleury without a rebound.
19:32 of 3rd period - Logan Couture wins face-off versus Sean Monahan in LAS VEGAS LIZARD KINGS zone.
Goals for this period are 1 for SAN DIEGO THUNDER vs 1 for LAS VEGAS LIZARD KINGS.
Shots for this period are 20 for SAN DIEGO THUNDER vs 9 for LAS VEGAS LIZARD KINGS.


SEBASTIAN
AHO
MARK
SCHEIFELE
JAKE
OETTINGER

EAST COAST

HOCKEY LEAGUE

  • 17.QUE3CHI2
  • 18.CHA2LIM4
  • 19.TRV3LON2
  • 20.CHW1BAL2
  • 21.PITMAN
  • 22.ATLNHW
  • 23.WORPET
  • 24.RHI